 Dungeon Crawl Stone Soup version 0.29.0-15-g675c0067aa (webtiles) character file.

Game seed: 14174017661761619615

1211 qw the Chopper (level 8, -7/50 HPs)
             Began as a Gargoyle Delver on Sept 11, 2022.
             Mangled by an orc warrior
             ... wielding a +1 scimitar of holy wrath
              (11 damage)
             ... on level 6 of the Dungeon.
             The game lasted 00:02:23 (6766 turns).

qw the Chopper (Gargoyle Delver)                    Turns: 6766, Time: 00:02:23

Health: -7/50      AC: 17    Str: 18    XL:     8   Next: 46%
Magic:  8/8        EV: 11    Int: 11    God:
Gold:   371        SH:  0    Dex: 17    Spells: 7/7 levels left

rFire   . . .      SeeInvis .   Y - +1 hand axe
rCold   . . .      Faith    .   (no shield)
rNeg    + . .      Spirit   .   n - +0 ring mail
rPois   inf        Reflect  .   l - +0 helmet
rElec   +          Harm     .   b - +0 cloak
rCorr   .          Rampage  .   (no gloves)
Will    .....                   (no boots)
Stlth   +++.......              (no amulet)
HPRegen 0.16/turn               m - +4 ring of protection
MPRegen 0.11/turn               r - +6 ring of dexterity

@: no status effects
A: sickness immunity, AC +5, negative energy resistance 1, electricity
resistance, torment resistance 1, petrification resistance
a: no special abilities


You were on level 6 of the Dungeon.
You visited 1 branch of the dungeon, and saw 6 of its levels.

You collected 371 gold pieces.


Innate Abilities, Weirdness & Mutations

You are immune to sickness and miasma.
Your stone body is resilient. (AC +5)
You are immune to poison.
You resist negative energy. (rN+)
You are resistant to electric shocks. (rElec)
You are resistant to unholy torment.
You are immune to petrification.


   Skills:
 - Level 5.4 Fighting
 + Level 7.7 Axes
 - Level 1.0 Throwing
 - Level 2.7 Armour
 - Level 2.1 Dodging
 - Level 5.4 Stealth


You had 7 spell levels left.
You didn't know any spells.
Your spell library was empty.

Inventory:

Hand Weapons
 h - a +1 whip of electrocution
 Y - a +1 hand axe (weapon)
Armour
 b - a +0 cloak (worn)
 j - a +0 leather armour of fire resistance
 l - a +0 helmet (worn)
 n - a +0 ring mail (worn)
Jewellery
 e - a ring of ice
 m - a +4 ring of protection (left hand)
 r - a +6 ring of dexterity (right hand)
Wands
 g - a wand of digging (3)
Scrolls
 s - a scroll of identify
Potions
 c - a potion of might
 f - a potion of haste
 i - a potion of magic {unknown}
 k - a potion of berserk rage {unknown}
 o - a potion of lignification {unknown}
 t - a potion of curing

Dungeon Overview and Level Annotations

Branches:
Dungeon (6/15)
 Temple: D:4-7

Altars:
Qazlal

Annotations:
D:4 1 runed translucent door, qw's ghost, weakling GrDe


Message History

The orc warrior hits you but does no damage.
You barely miss the orc warrior.
The orc warrior is moderately wounded.
The orc warrior closely misses you.
You hit the orc warrior.
The orc warrior is moderately wounded.
The orc warrior barely misses you.
You hit the orc warrior.
The orc warrior is moderately wounded.
The orc warrior hits you with a +1 scimitar of holy wrath!
You hit the orc warrior but do no damage.
The orc warrior is moderately wounded.
The orc warrior barely misses you.
You barely miss the orc warrior.
The orc warrior is moderately wounded.
The orc warrior barely misses you.
You hit the orc warrior.
The orc warrior is heavily wounded.
The orc warrior hits you with a +1 scimitar of holy wrath!
You hit the orc warrior but do no damage.
The orc warrior is heavily wounded.
The orc warrior hits you but does no damage.
You closely miss the orc warrior.
The orc warrior is heavily wounded.
The orc warrior hits you but does no damage.
You hit the orc warrior but do no damage.
The orc warrior is heavily wounded.
The orc warrior barely misses you.
You hit the orc warrior.
The orc warrior is heavily wounded.
The orc warrior hits you with a +1 scimitar of holy wrath.
The orc shouts!
You hit the orc warrior.
The orc warrior is heavily wounded.
The orc warrior closely misses you.
You hit the orc warrior but do no damage.
The orc warrior is heavily wounded.
You hit the orc.
The orc warrior hits you with a +1 scimitar of holy wrath!
You die...

###########
#....#....##
#..........###########
#....#...........##..#
######....######..<.##
#....######..###
#....#.o.[...#
###.....@####..######
#.......o###.........#
....###.......o......#
..### #...#..........#
. #
######............##
..#.......#...........#
....#####....########..
$#..## ##.####
.....$##..##


You could see an orc warrior and an orc.

Vanquished Creatures
  A water moccasin (D:6)
  An ice beast (D:5)
  A sky beast (D:6)
  2 centaurs
  3 necrophages
  2 scorpions
  3 jellies
  A hound (D:5)
  Jessica (D:2)
  4 iguanas
  13 adders
  An ufetubus (D:5)
  3 worms
  2 dart slugs
  8 orcs
  8 ball pythons
  7 endoplasms
  2 giant cockroaches (D:4)
  5 goblins
  5 hobgoblins
  7 jackals
  5 quokkas
  3 bats
  A frilled lizard (D:3)
  7 kobolds
  5 rats
101 creatures vanquished.

Vanquished Creatures (others)
  2 withered plants (D:4)
2 creatures vanquished.

Grand Total: 103 creatures vanquished

Notes
Turn   | Place    | Note
-------+----------+-------------------------------------------
     0 | D:5      | qw the Gargoyle Delver began the quest for the Orb.
     0 | D:5      | Reached XP level 1. HP: 14/14 MP: 1/1
     0 | D:5      | 0 ||| qw: Version: 0.1-a-118-gb4e7ce6
     0 | D:5      | 0 ||| qw: Game counter: 10440
     0 | D:5      | 0 ||| qw: Always use a shield: true
     0 | D:5      | 0 ||| qw: God list: Okawaru
     0 | D:5      | 0 ||| qw: Allow faded altars: false
     0 | D:5      | 0 ||| qw: Do Orc after D:15 true
     0 | D:5      | 0 ||| qw: Do second Lair branch before Depths: true
     0 | D:5      | 0 ||| qw: Lair rune preference: random
     0 | D:5      | 0 ||| qw: Plans: Normal
     0 | D:5      | 0 ||| PLANNING D:1-11
     4 | D:5      | Noticed a hound
     5 | D:5      | 5 ||| Stepping ~*~*~tactically~*~*~ (stealth).
     7 | D:5      | 7 ||| Stepping ~*~*~tactically~*~*~ (stealth).
    16 | D:5      | Reached skill level 2 in Axes
    22 | D:5      | 22 ||| DROPPING scroll of fog.
    23 | D:5      | 23 ||| DROPPING scroll of magic mapping.
    24 | D:5      | 24 ||| DROPPING scroll of fear.
    48 | D:4      | Reached XP level 2. HP: 18/19 MP: 2/2
   182 | D:4      | Found a runed translucent door.
   182 | D:4      | Noticed qw's ghost (weakling GrDe)
   210 | D:4      | 210 ||| READING scroll labelled ACASHA TEHO.
   480 | D:3      | Reached skill level 3 in Axes
   606 | D:3      | Identified the +2 robe of Untruth {rPois rCorr}
   616 | D:3      | 616 ||| UPGRADING to +2 robe of Untruth {rPois rCorr}.
   626 | D:3      | 626 ||| DROPPING +0 leather armour.
   633 | D:3      | 633 ||| FLEEEEING.
   634 | D:3      | 634 ||| STAIRDANCE
   658 | D:2      | Reached XP level 3. HP: 16/23 MP: 3/3
   694 | D:2      | 694 ||| Stepping ~*~*~tactically~*~*~ (stealth).
   861 | D:2      | Noticed Jessica
   862 | D:2      | 862 ||| Stepping ~*~*~tactically~*~*~ (hiding).
   885 | D:2      | 885 ||| Stepping ~*~*~tactically~*~*~ (stealth).
   888 | D:2      | 888 ||| Stepping ~*~*~tactically~*~*~ (stealth).
   904 | D:2      | Killed Jessica
   905 | D:2      | Reached XP level 4. HP: 22/28 MP: 4/4
  1060 | D:2      | 1060 ||| DROPPING +0 club.
  1076 | D:2      | Reached skill level 4 in Axes
  1169 | D:2      | 1169 ||| READING scroll labelled ONOALU FUBON.
  1199 | D:2      | 1199 ||| Stepping ~*~*~tactically~*~*~ (stealth).
  1467 | D:1      | 1467 ||| Stepping ~*~*~tactically~*~*~ (stealth).
  1469 | D:1      | 1469 ||| Stepping ~*~*~tactically~*~*~ (stealth).
  1471 | D:1      | 1471 ||| Stepping ~*~*~tactically~*~*~ (stealth).
  1473 | D:1      | 1473 ||| Stepping ~*~*~tactically~*~*~ (stealth).
  1846 | D:1      | 1846 ||| Stepping ~*~*~tactically~*~*~ (stealth).
  1848 | D:1      | 1848 ||| Stepping ~*~*~tactically~*~*~ (stealth).
  1914 | D:1      | Found a faded altar of an unknown god.
  1991 | D:1      | 1991 ||| UPGRADING to +0 cloak.
  1996 | D:1      | 1996 ||| DROPPING amulet of magic regeneration.
  1997 | D:1      | 1997 ||| READING scroll labelled IGALOQIXOA.
  1998 | D:1      | 1998 ||| DRINKING 2 sapphire potions.
  2110 | D:2      | 2110 ||| Stepping ~*~*~tactically~*~*~ (stealth).
  2432 | D:2      | Reached XP level 5. HP: 30/32 MP: 5/5
  2685 | D:2      | 2685 ||| READING scroll labelled PAISTI WOQEA.
  2796 | D:3      | 2796 ||| Stepping ~*~*~tactically~*~*~ (stealth).
  3833 | D:3      | 3833 ||| UPGRADING to +0 helmet.
  3838 | D:3      | 3838 ||| UPGRADING to +0 ring mail.
  3848 | D:3      | 3848 ||| DROPPING +2 robe of Untruth {rPois rCorr}.
  3849 | D:3      | 3849 ||| UPGRADING to +4 ring of protection.
  3850 | D:3      | 3850 ||| READING scroll labelled MULIEPPERA.
  3851 | D:3      | 3851 ||| DRINKING 2 fuming puce potions.
  3852 | D:3      | 3852 ||| DROPPING potion of brilliance.
  3862 | D:4      | 3862 ||| Stepping ~*~*~tactically~*~*~ (stealth).
  3968 | D:4      | Reached XP level 6. HP: 37/37 MP: 6/6
  3972 | D:4      | 3972 ||| Stepping ~*~*~tactically~*~*~ (stealth).
  4043 | D:4      | 4043 ||| Stepping ~*~*~tactically~*~*~ (stealth).
  4075 | D:4      | Reached skill level 1 in Throwing
  4087 | D:4      | 4087 ||| Stepping ~*~*~tactically~*~*~ (stealth).
  4123 | D:4      | 4123 ||| Stepping ~*~*~tactically~*~*~ (stealth).
  4133 | D:4      | Reached skill level 5 in Axes
  4175 | D:4      | 4175 ||| Stepping ~*~*~tactically~*~*~ (stealth).
  4200 | D:4      | 4200 ||| Stepping ~*~*~tactically~*~*~ (stealth).
  4202 | D:4      | 4202 ||| Stepping ~*~*~tactically~*~*~ (stealth).
  4441 | D:4      | Identified the ring "Siguhoytt" {rPois rN++ rCorr Slay-6}
  5002 | D:4      | 5002 ||| DROPPING ring "Siguhoytt" {rPois rN++ rCorr
                  | Slay-6}.
  5003 | D:4      | 5003 ||| UPGRADING to +6 ring of dexterity.
  5004 | D:4      | 5004 ||| READING scroll labelled SYENGO BAURGH.
  5005 | D:4      | 5005 ||| READING scroll labelled ZOKELLIDAU.
  5022 | D:5      | 5022 ||| RIP SEWER
  5043 | D:5      | 5043 ||| Stepping ~*~*~tactically~*~*~ (hiding).
  5057 | D:5      | Reached XP level 7. HP: 29/44 MP: 7/7
  5070 | D:5      | Reached skill level 6 in Axes
  5351 | D:5      | 5351 ||| Stepping ~*~*~tactically~*~*~ (stealth).
  5353 | D:5      | 5353 ||| Stepping ~*~*~tactically~*~*~ (stealth).
  6037 | D:5      | Reached skill level 7 in Axes
  6037 | D:5      | Reached XP level 8. HP: 41/48 MP: 8/8
  6272 | D:5      | Found a stormy altar of Qazlal.
  6475 | D:5      | 6475 ||| READING scroll labelled EBRISY CITSU.
  6476 | D:5      | 6476 ||| READING scroll labelled SEGILA PEPENU.
  6477 | D:5      | 6477 ||| DRINKING 2 lumpy blue potions.
  6478 | D:5      | 6478 ||| READING 2 scrolls of identify.
  6478 | D:5      | 6478 ||| IDENTIFYING sedimented black potion
  6479 | D:5      | 6479 ||| DROPPING potion of attraction.
  6542 | D:6      | 6542 ||| Stepping ~*~*~tactically~*~*~ (stealth).
  6545 | D:6      | 6545 ||| Stepping ~*~*~tactically~*~*~ (stealth).
  6552 | D:6      | 6552 ||| Stepping ~*~*~tactically~*~*~ (hiding).
  6643 | D:6      | 6643 ||| FLEEEEING.
  6644 | D:6      | 6644 ||| FLEEEEING.
  6645 | D:6      | 6645 ||| FLEEEEING.
  6646 | D:6      | 6646 ||| FLEEEEING.
  6647 | D:6      | 6647 ||| FLEEEEING.
  6649 | D:6      | 6649 ||| FLEEEEING.
  6657 | D:6      | 6657 ||| STAIRDANCE
  6720 | D:6      | 6720 ||| Stepping ~*~*~tactically~*~*~ (stealth).
  6723 | D:6      | 6723 ||| Stepping ~*~*~tactically~*~*~ (stealth).
  6727 | D:6      | 6727 ||| Stepping ~*~*~tactically~*~*~ (stealth).
  6736 | D:6      | 6736 ||| Stepping ~*~*~tactically~*~*~ (stealth).
  6760 | D:6      | HP: 9/50 [orc warrior/+1 scimitar of holy wrath (9)]
  6764 | D:6      | HP: 3/50 [orc warrior/+1 scimitar of holy wrath (6)]
  6766 | D:6      | Mangled by an orc warrior

Levels and vault maps discovered:
D:1:      dpeg_arrival_round_a, layout_loops_ring,
          shapermc_ecumenical_altar_totnotflames
D:2:      layout_basic, uniq_jessica
D:3:      layout_loops_corners
D:4:      layout_loops_ring, gammafunk_ghost_grave, kennysheep_dice
D:5:      layout_basic, kennysheep_mini, portal_sewer_entry_d
D:6:      layout_rooms

Skill      XL: |  1  2  3  4  5  6  7  8 |
---------------+-------------------------+-----
Axes           | 2 3 4 5 7 |  7.7
Armour         | 2 |  2.7
Throwing       | 1 |  1.0
Fighting       | 4 5 |  5.4
Dodging        | 2 |  2.1
Stealth        | |  5.4

Action                   |  1- 3 |  4- 6 |  7- 9 || total
-------------------------+-------+-------+-------++-------
Melee: Hand axe          |    65 |   291 |   133 ||   489
       Punch             |     3 |     7 |       ||    10
Throw: Javelin           |       |    24 |    16 ||    40
  Use: Scroll            |     1 |     6 |     3 ||    10
       Potion            |       |     2 |     1 ||     3
 Stab: Sleeping          |     1 |     2 |       ||     3
Armor: Leather armour    |     5 |       |       ||     5
       Robe              |    16 |    51 |       ||    67
       Ring mail         |       |    72 |    77 ||   149
Dodge: Dodged            |    34 |   180 |    81 ||   295

Table legend:
 A = Non-vault XP
 B = Vault XP
 C = Vault XP percentage of total XP
 D = Non-vault monster count
 E = Vault monster count
 F = Vault count percentage of total count
                 A         B        C        D         E       F
            +---------+---------+-------+---------+---------+-------
      Total |    1681 |      50 |   2.9 |      99 |       2 |   2.0
            +---------+---------+-------+---------+---------+-------
        D:1 |      24 |       0 |   0.0 |      14 |       0 |   0.0
        D:2 |      77 |      37 |  32.5 |      19 |       1 |   5.0
        D:3 |      44 |       0 |   0.0 |      15 |       0 |   0.0
        D:4 |     404 |       0 |   0.0 |      30 |       0 |   0.0
        D:5 |     614 |      13 |   2.1 |      13 |       1 |   7.1
        D:6 |     518 |       0 |   0.0 |       8 |       0 |   0.0
            +---------+---------+-------+---------+---------+-------
